 Seeded DCSS version 0.27-a0-641-gaabfd21 (webtiles) character file.

Game seed: 669341834731973996 (custom seed)

27362 lyrin the Cruncher (level 13, -18/80 HPs)
             Began as a Formicid Summoner on Mar 15, 2021.
             Was a High Priest of Fedhas.
             Killed from afar by Jorgrun (54 damage)
             ... with an iron shot
             ... on level 14 of the Dungeon.
             The game lasted 00:55:32 (30267 turns).

lyrin the Cruncher (Formicid Summoner)             Turns: 30267, Time: 00:55:33

Health: -18/80     AC: 20    Str: 19    XL:     13   Next: 65%
Magic:  20/20      EV: 11    Int: 14    God:    Fedhas [*****.]
Gold:   2238       SH:  5    Dex: 15    Spells: 13/22 levels left

rFire    + . .     SeeInvis +   M - +2 quarterstaff (chaos)
rCold    . . .     Faith    .   (no shield)
rNeg     . . .     Spirit   .   N - +3 ring mail
rPois    .         Reflect  +   (helmet unavailable)
rElec    .         Harm     .   P - +2 cloak {Stlth+}
rCorr    .         Rampage  .   i - +2 pair of gloves
Will     +....                  k - +2 pair of boots
Stlth    ++........             K - amulet of reflection
HPRegen  0.23/turn              O - ring of wizardry
MPRegen  0.17/turn              G - ring of Laptau {rF+ Dex+4}

@: no status effects
A: permanent stasis, dig shafts and tunnels, antennae 3, four strong arms
a: Dig, Shaft Self, Renounce Religion, Wall of Briars, Grow Ballistomycete,
Overgrow, Grow Oklob


You were on level 14 of the Dungeon.
You worshipped Fedhas.
Fedhas was extremely pleased with you.
You visited 1 branch of the dungeon, and saw 14 of its levels.
You also visited: Sewer and Ossuary.

You collected 2238 gold pieces.

Inventory:

Hand Weapons
 c - a +0 dagger
 h - a +1 whip of freezing
 m - a +1 whip of electrocution
 M - a +2 quarterstaff of chaos (weapon)
Missiles
 l - 4 javelins
 B - 65 poisoned darts
Armour
 i - a +2 pair of gloves (worn)
 k - a +2 pair of boots (worn)
 L - a +3 leather armour of poison resistance
 N - a +3 ring mail (worn)
 P - a +2 cloak of stealth (worn)
Jewellery
 e - a ring of resist corrosion
 x - an amulet of regeneration
 E - a +4 ring of evasion
 G - the ring of Laptau (left hand) {rF+ Dex+4}
   (You found it on level 8 of the Dungeon)

   [ring of protection from fire]

   It affects your dexterity (+4).
   It protects you from fire.
 K - an amulet of reflection (around neck)
 O - a ring of wizardry (right hand)
Wands
 f - a wand of polymorph (9)
 s - a wand of mindburst (2)
 z - a wand of paralysis (2)
 F - a wand of random effects (20)
 H - a wand of iceblast (9)
Scrolls
 d - 5 scrolls of immolation
 o - 7 scrolls of magic mapping
 p - 2 scrolls of fear
 u - a scroll of brand weapon
 y - 4 scrolls of enchant weapon
 A - 2 scrolls of enchant armour
 C - 3 scrolls of fog
 I - a scroll of amnesia
Potions
 b - 3 potions of might
 g - 4 potions of haste
 j - 3 potions of attraction
 n - 4 potions of curing
 q - 2 potions of brilliance
 r - 2 potions of heal wounds
 t - 2 potions of lignification
 v - 2 potions of degeneration {unknown}
 w - 2 potions of ambrosia
 D - a potion of berserk rage {unknown}
 J - 5 potions of cancellation {unknown}
Miscellaneous
 a - a tin of tremorstones (2/2)


   Skills:
 - Level 0.4 Fighting
 - Level 8.3(11.8) Maces & Flails
 * Level 13.3(14.1) Staves
 + Level 8.7 Armour
 - Level 2.1 Dodging
 - Level 2.4 Stealth
 - Level 3.4 Shields
 - Level 5.1 Spellcasting
 - Level 7.0 Summonings
 - Level 6.0 Air Magic
 * Level 9.3 Invocations
 - Level 0.6 Evocations


You had 13 spell levels left.
You knew the following spells:

 Your Spells              Type           Power      Damage    Failure   Level
a - Summon Small Mammal   Summ           92%        N/A       1%          1
b - Summon Lightning Spi  Summ/Air       21%        N/A       8%          4
c - Airstrike             Air            10%        N/A       9%          4

Your spell library contained the following spells:

 Spells                   Type           Power      Damage    Failure   Level
 Call Imp                 Summ           23%        N/A       1%          2
 Call Canine Familiar     Summ           23%        N/A       1%          3
 Shock                    Conj/Air       48%        1d6       3%          1
 Poisonous Vapours        Pois/Air       24%        N/A       4%          2
 Summon Guardian Golem    Hex/Summ       13%        N/A       8%          3
 Static Discharge         Conj/Air       12%        N/A       10%         3
 Animate Skeleton         Necr           6%         N/A       11%         1
 Corona                   Hex            3%         N/A       11%         1
 Foxfire                  Conj/Fire      12%        2x1d4     11%         1
 Freeze                   Ice            12%        1d4       11%         1
 Pain                     Necr           12%        1d4       11%         1
 Mephitic Cloud           Conj/Pois/Air  9%         N/A       14%         3
 Ensorcelled Hibernation  Hex/Ice        6%         N/A       16%         2
 Summon Ice Beast         Ice/Summ       13%        N/A       26%         4
 Confusing Touch          Hex            3%         N/A       32%         3
 Conjure Flame            Conj/Fire      3%         6-21      32%         3
 Dazzling Flash           Conj/Hex       6%         N/A       32%         3
 Frozen Ramparts          Ice            6%         1d2       32%         3
 Gell's Gravitas          Tloc           1%         N/A       32%         3
 Ignite Poison            Fire/Tmut/Pois 3%         N/A       32%         3
 Inner Flame              Hex/Fire       3%         N/A       32%         3
 Ozocubu's Armour         Ice            3%         N/A       32%         3
 Spider Form              Tmut/Pois      1%         N/A       32%         3
 Tukima's Dance           Hex            3%         N/A       32%         3
 Vampiric Draining        Necr           1%         2d6       32%         3
 Lightning Bolt           Conj/Air       6%         1d18      61%         5
 Animate Dead             Necr           1%         N/A       69%         4
 Hailstorm                Conj/Ice       3%         3d3       69%         4
 Petrify                  Tmut/Erth      3%         N/A       69%         4
 Sticky Flame             Conj/Fire      3%         2d3       69%         4
 Agony                    Necr           3%         N/A       95%         5
 Borgnjor's Vile Clutch   Necr/Erth      1%         N/A       95%         5
 Fireball                 Conj/Fire      1%         3d3       95%         5
 Irradiate                Conj/Tmut      1%         3d14      95%         5
 Metabolic Englaciation   Hex/Ice        1%         N/A       95%         5
 Yara's Violent Unravell  Hex/Tmut       1%         3d3       95%         5
 Freezing Cloud           Conj/Ice/Air   4%         6-21      99%         6
 Hydra Form               Tmut           1%         N/A       100%        6
 Statue Form              Tmut/Erth      2%         N/A       100%        6
 Dragon Form              Tmut           1%         N/A       100%        7
 Ignition                 Fire           1%         3d3       100%        8
 Shatter                  Erth           1%         3d6*      100%        9
 Tornado                  Air            10%        N/A       100%        9
 Swiftness                Air            Unusable   N/A       N/A         2

Dungeon Overview and Level Annotations

Branches:
Dungeon (14/15)            Temple (0/1) D:7            Lair (0/6) D:9
    Orc (0/2) D:11          Sewer (visited)         Ossuary (visited)
 Vaults: D:13-14

Altars:
Fedhas
Gozag
Hepliaklqana
Qazlal
Ru
Xom
Yredelemnul
Zin

Shops:
D:5 *

Annotations:
D:7 1 runed translucent door
D:8 1 runed translucent door, 1 exclusion, brinewave's ghost, novice DrWn
D:14 Jorgrun


Innate Abilities, Weirdness & Mutations

You cannot be hasted, slowed, berserked, paralysed or teleported.
You can dig through walls and to a lower floor.
You have a pair of large antennae on your head. (SInv)
Your four strong arms can wield two-handed weapons with a shield.


Message History

Jorgrun hits you with a +0 vorpal quarterstaff!
Your lightning spire shoots out a bolt of lightning at Jorgrun!
The bolt of electricity hits Jorgrun.
You barely miss Jorgrun.
Jorgrun is lightly wounded.
Unknown command.
You closely miss Jorgrun.
Jorgrun is lightly wounded.
Jorgrun hits you but does no damage.
You closely miss Jorgrun.
Jorgrun is lightly wounded.
Unknown command.
Unknown command.
Jorgrun hits you but does no damage.
Jorgrun points at you and mumbles some strange words.
The iron shot hits you!!
* * * LOW HITPOINT WARNING * * *
Your lightning spire shoots out a bolt of lightning at Jorgrun!
The bolt of electricity misses Jorgrun.
As you read the scroll of fog, it crumbles to dust.
The scroll dissolves into smoke.
You see here 17 arrows.
You feel much better. Jorgrun barely misses you.
Jorgrun points at you and mumbles some strange words.
Roots burst forth from the earth!
The grasping roots grab you! The grasping roots constrict you!
The roots' grasp on you weakens, but your attempt to escape fails.
Jorgrun gestures at you while chanting.
The wall shatters!
The blast of rock fragments hits you but does no damage.
The grasping roots constrict you.
You escape the roots' grasp.
Jorgrun gestures at the rock wall while chanting.
You hear a grinding noise.
Jorgrun casts a spell at you. The iron shot hits you!!!
Ouch! That really hurt!
You die...
Fedhas appreciates your contribution to the ecosystem.

## #^# #. #.# ## #. #.#
##. ## #. #.# #..##.##.
#.# ...8(.#§#######.##
....).§§§§§§§g...#
.#.#)..#######.#.# .#
#.#.## #.@# .#......##
##.# ####(....### #..
...........# #.#.
####.....#.# ##.##.
........##.####...##.####
######.###.....^.........
#.# ####÷#...######
#.######.##†##


You could see Jorgrun.

Vanquished Creatures
  Kirke (D:11)
  2 hydras (D:13)
  3 two-headed ogres
  2 unseen horrors
  Pikel (D:7)
  A wizard (D:9)
  2 cyclopes
  2 manticores
  3 ugly things
  Joseph (D:8)
  An elephant (D:8)
  Maurice (D:8)
  3 kobold demonologists
  A troll (D:12)
  A hornet (D:10)
  2 nameless horrors
  7 slime creatures
  A dream sheep (shapeshifter) (D:9)
  Sigmund (D:6)
  2 basilisks
  A spriggan (D:10)
  2 wraiths
  2 wyverns
  22 yaks
  A hog (D:12)
  An acid dragon (D:8)
  4 orc warriors
  4 sky beasts
  3 black bears
  2 ice beasts
  5 ogres
  7 centaurs
  4 lemures
  2 phantoms
  2 kobold brigands (Sewer)
  Blork the orc (D:6)
  7 bullfrogs
  3 wyvern skeletons
  3 scorpions
  A wyvern zombie (D:9)
  6 killer bees
  18 wights
  5 centaur zombies
  2 bullfrog zombies
  10 jellies
  5 centaur skeletons
  3 orc priests
  Crazy Yiuf (D:5)
  8 hounds
  A bullfrog skeleton (D:7)
  Ijyb (D:4)
  10 orc wizards
  12 worker ants
  A killer bee zombie (D:9)
  A hound zombie (D:6)
  A hound skeleton (D:8)
  8 mummies (Ossuary)
  A gnoll (D:8)
  15 adders
  2 shadow imps
  5 white imps
  5 ufetubi
  3 oozes
  2 adder skeletons
  An adder zombie (D:8)
  2 worms
  2 dart slugs (D:1)
  4 leopard geckos
  37 orcs
  6 ball pythons
  6 giant cockroaches
  2 gnoll zombies (Ossuary)
  9 goblins
  6 hobgoblins
  16 jackals
  10 kobolds
  6 quokkas
  10 bats
  2 frilled lizards
  A hobgoblin zombie (Ossuary)
  A jackal zombie (D:8)
  A leopard gecko zombie (D:6)
  5 orc zombies (Ossuary)
  A quokka skeleton (D:9)
  5 rats
374 creatures vanquished.

Vanquished Creatures (collateral kills)
  The ghost of Motwaexy the Fighter, a journeyman OgWz of Vehumet (D:11)
  A boulder beetle (D:12)
  A mana viper (shapeshifter) (D:11)
  An ugly thing (D:13)
  An efreet (D:9)
  A troll (D:11)
  A wraith (D:11)
  6 yaks
  A hog (D:11)
  A hornet zombie (D:11)
  A centaur (D:12)
  2 wights
  A hound (D:11)
  An orc priest (D:12)
  An orc wizard (D:12)
  An adder (D:11)
  2 leopard geckos
  12 orcs
  A giant cockroach (D:1)
  3 goblins (D:1)
  A quokka (D:11)
  4 kobolds (D:1)
  3 rats (D:1)
48 creatures vanquished.

Vanquished Creatures (others)
  3 humans (D:12)
  2 killer bees (D:12)
  An orc wizard (D:5)
  An adder zombie (D:9)
  An orc (D:9)
  2 fungi (D:9)
  A plant (D:9)
11 creatures vanquished.

Grand Total: 433 creatures vanquished

Notes
Turn   | Place    | Note
-------+----------+-------------------------------------------
     0 | D:1      | lyrin the Formicid Summoner began the quest for the Orb.
     0 | D:1      | Reached XP level 1. HP: 13/13 MP: 3/3
   724 | D:1      | Reached XP level 2. HP: 19/19 MP: 1/5
  1059 | D:1      | Reached XP level 3. HP: 24/24 MP: 7/7
  1979 | D:2      | Reached XP level 4. HP: 29/31 MP: 5/8
  2043 | D:2      | Reached skill level 1 in Armour
  2050 | D:2      | Learned a level 4 spell: Summon Lightning Spire
  2585 | D:2      | Reached skill level 1 in Maces & Flails
  2835 | D:3      | Reached XP level 5. HP: 26/36 MP: 9/9
  2846 | D:3      | Found a glowing drain.
  2900 | Sewer    | Entered a sewer
  3165 | Sewer    | Noticed a kobold brigand
  3197 | Sewer    | Killed a kobold brigand
  3198 | Sewer    | Reached skill level 1 in Air Magic
  3198 | Sewer    | Reached XP level 6. HP: 20/42 MP: 10/10
  4375 | D:4      | Found a sand-covered staircase.
  4382 | Ossuary  | Entered an ossuary
  4455 | Ossuary  | Reached XP level 7. HP: 38/47 MP: 11/11
  4954 | D:4      | Reached skill level 5 in Summonings
  5091 | D:4      | Noticed Ijyb
  5111 | D:4      | Killed Ijyb
  5552 | D:4      | Found a basalt altar of Yredelemnul.
  5773 | D:5      | Entered Level 5 of the Dungeon
  6186 | D:5      | Found a blossoming altar of Fedhas.
  6200 | D:5      | Became a worshipper of Fedhas Madash
  6259 | D:5      | Reached XP level 8. HP: 53/53 MP: 13/13
  6299 | D:5      | Reached skill level 1 in Invocations
  6367 | D:5      | Found Qudyack's Assorted Antiques.
  6640 | D:5      | Found a runed translucent door.
  6641 | D:5      | Noticed Crazy Yiuf
  6957 | D:6      | Noticed Blork the orc
  7060 | D:6      | Killed Blork the orc
  7184 | D:6      | Reached skill level 5 in Maces & Flails
  7339 | D:5      | Reached skill level 5 in Armour
  7570 | D:6      | Noticed Sigmund
  7601 | D:6      | Killed Sigmund
  7602 | D:6      | Reached XP level 9. HP: 33/58 MP: 8/14
  7718 | D:6      | Reached * piety under Fedhas
  7884 | D:6      | Found a stormy altar of Qazlal.
  7986 | D:6      | Identified the Collected Works on Cankerous Dark Magic
  8312 | D:7      | Found a glowing silver altar of Zin.
  8313 | D:7      | Found a runed translucent door.
  8313 | D:7      | Noticed an angel
  8363 | D:7      | Noticed Pikel
  9455 | D:7      | Killed Pikel
  9456 | D:7      | Reached skill level 5 in Invocations
  9583 | D:7      | Found a staircase to the Ecumenical Temple.
 10107 | D:8      | Noticed a slime creature
 10326 | D:8      | Noticed Joseph
 11162 | D:8      | Killed Joseph
 11163 | D:8      | Reached XP level 10. HP: 46/64 MP: 16/16
 11608 | D:8      | Reached skill level 1 in Shields
 11817 | D:8      | Noticed Maurice
 11975 | D:8      | Found a runed translucent door.
 11976 | D:8      | Found a shimmering altar of Xom.
 11976 | D:8      | Noticed a +0 scimitar of chaos
 11976 | D:8      | Noticed brinewave's ghost (novice DrWn)
 12052 | D:8      | Found a glowing silver altar of Zin.
 12114 | D:8      | Reached ** piety under Fedhas
 12288 | D:8      | Identified the ring of Laptau {rF+ Dex+4}
 13126 | D:8      | Killed Maurice
 14080 | D:5      | Killed Crazy Yiuf
 14292 | D:9      | Found an opulent altar of Gozag.
 14318 | D:9      | Noticed an elephant
 14359 | D:8      | Killed an elephant
 14508 | D:9      | Found a staircase to the Lair.
 14510 | D:9      | Noticed a two-headed ogre
 14828 | D:9      | Reached skill level 1 in Staves
 14932 | D:9      | Reached skill level 5 in Spellcasting
 15086 | D:9      | Noticed a nameless horror
 15128 | D:8      | Reached XP level 11. HP: 58/69 MP: 12/18
 15239 | D:8      | Killed a two-headed ogre
 15240 | D:8      | Reached skill level 2 in Staves
 15537 | D:9      | Learned a level 4 spell: Airstrike
 15556 | D:9      | Noticed a wizard
 15604 | D:8      | Reached skill level 3 in Staves
 15879 | D:9      | Killed a wizard
 16148 | D:9      | Reached *** piety under Fedhas
 16166 | D:9      | Noticed a manticore
 16197 | D:9      | Reached skill level 4 in Staves
 16281 | D:9      | Killed a manticore
 16464 | D:9      | Noticed a deep troll
 16477 | D:9      | Noticed a wolf spider
 16477 | D:9      | a deep troll changed into a wolf spider
 16672 | D:9      | Killed a nameless horror
 16763 | D:9      | Reached skill level 5 in Staves
 16936 | D:9      | Noticed an unseen horror
 16965 | D:9      | Identified the +3 spear "Demonbane" {venom, *Contam +Blink
                  | rElec}
 17291 | D:9      | Noticed a two-headed ogre
 17644 | D:8      | Killed a two-headed ogre
 17645 | D:8      | Reached skill level 6 in Staves
 18341 | D:9      | Banished an unseen horror
 18714 | D:9      | Found a hazy altar of Hepliaklqana.
 18956 | D:9      | Reached skill level 7 in Staves
 19270 | D:9      | Found a staircase to the Lair.
 19429 | D:9      | Found an opulent altar of Gozag.
 19472 | D:9      | Found a hazy altar of Hepliaklqana.
 19531 | D:10     | Entered Level 10 of the Dungeon
 19556 | D:10     | Found a sacrificial altar of Ru.
 21222 | D:10     | Reached skill level 8 in Staves
 21698 | D:10     | Reached XP level 12. HP: 59/75 MP: 14/19
 21901 | D:11     | Reached skill level 5 in Air Magic
 22170 | D:11     | Found a staircase to the Orcish Mines.
 22506 | D:11     | Reached **** piety under Fedhas
 22609 | D:11     | Reached skill level 9 in Staves
 23479 | D:11     | Found a runed translucent door.
 23480 | D:11     | Noticed Motwaexy's ghost (journeyman OgWz)
 23524 | D:11     | Killed Motwaexy's ghost
 24704 | D:11     | Reached skill level 10 in Staves
 24792 | D:12     | Noticed a boulder beetle
 25202 | D:12     | Killed a boulder beetle
 25576 | D:12     | Found a hazy altar of Hepliaklqana.
 25862 | D:12     | Noticed an unseen horror
 25878 | D:12     | Killed an unseen horror
 25987 | D:12     | Reached skill level 11 in Staves
 26209 | D:12     | Noticed Kirke
 26387 | D:11     | Killed Kirke
 26388 | D:11     | Reached XP level 13. HP: 48/80 MP: 17/20
 27527 | D:13     | Reached skill level 12 in Staves
 28191 | D:13     | Noticed an eight-headed hydra
 28209 | D:13     | Killed an eight-headed hydra
 29202 | D:14     | Noticed an eight-headed hydra
 29217 | D:13     | Killed an eight-headed hydra
 29218 | D:13     | Reached skill level 13 in Staves
 29363 | D:14     | Reached ***** piety under Fedhas
 30216 | D:14     | Noticed Jorgrun
 30267 | D:14     | Killed from afar by Jorgrun

Illustrated notes

Levels and vault maps discovered:
D:1:      kilobyte_arrival_exit_the_forest, layout_basic
D:2:      layout_loops_ring, minivault_27
D:3:      layout_basic, portal_sewer_entry_c
D:4:      layout_cave_pods, lemuel_crystal_altar, chequers_ossuary_entry_cave,
          uniq_ijyb
D:5:      layout_cave_pools, lemuel_crystal_altar, serial_shops,
          nicolae_shop_overgrown_old_shop, uniq_crazy_yiuf_cottage
D:6:      layout_cave_pools, basic_altar, uniq_sigmund, uniq_blork_the_orc
D:7:      layout_rooms, minmay_temple_entry_from_below_a,
          hangedman_decor_points, lemuel_angel_altar, uniq_pikel
D:8:      wad_arrow_thing, layout_basic, ebering_ghost_xom, basic_altar,
          uniq_maurice, uniq_joseph
D:9:      minmay_the_grid_square_5x5_4x4 [minmay_the_grid_square_5x5_forky,
          minmay_the_grid_square_5x5_shrine1, minmay_the_grid_square_5x5_seven,
          minmay_the_grid_square_5x5_two, minmay_the_grid_square_5x5_gyroscope,
          minmay_the_grid_square_5x5_prize_gold,
          minmay_the_grid_square_5x5_prize_pseudospiral,
          minmay_the_grid_square_5x5_z,
          minmay_the_grid_square_5x5_inverted_slash,
          minmay_the_grid_square_5x5_prize_junk,
          minmay_the_grid_square_5x5_prize_waves,
          minmay_the_grid_square_5x5_dogpile,
          minmay_the_grid_square_5x5_shrine2,
          minmay_the_grid_square_5x5_three_small,
          minmay_the_grid_square_5x5_eight, minmay_the_grid_square_5x5_detours],
          layout_cave_pods, kennysheep_little_box, grunt_gozag_breadcrumbs,
          david_lair_generic
D:10:     layout_basic, basic_altar, the_bakery
D:11:     layout_gridville, hiddenorc1_lemuel, gammafunk_ghost_grave
D:12:     layout_roguey, basic_altar, uniq_kirke
D:13:     layout_loops_ring
D:14:     layout_loops_ring, david_vaults_2, corexii_leaking_fountain,
          uniq_jorgrun

Skill      XL: |  1  2  3  4  5  6  7  8  9 10 11 12 13 |
---------------+----------------------------------------+-----
Dodging        | 2 |  2.1
Armour         | 1 2 4 5 6 7 8 |  8.7
Spellcasting   | 3 4 5 |  5.1
Maces & Flails | 1 2 3 4 5 7 8 |  8.3
Air Magic      | 1 2 3 4 6 |  6.0
Summonings     | 5 6 7 |  7.0
Invocations    | 3 5 6 7 8 9 |  9.3
Shields        | 3 |  3.4
Staves         | 1 8 11 13 | 13.3
Fighting       | |  0.4
Stealth        | |  2.4
Evocations     | |  0.6

Action                   |  1- 3 |  4- 6 |  7- 9 | 10-12 | 13-15 || total
-------------------------+-------+-------+-------+-------+-------++-------
Melee: Dagger            |    31 |       |       |       |       ||    31
       Whip              |    66 |   311 |   429 |   259 |       ||  1065
       Quarterstaff      |       |       |       |   711 |   279 ||   990
       Unarmed           |       |       |       |     5 |       ||     5
 Cast: Summon Small Mamm |    19 |     6 |    19 |    23 |     1 ||    68
       Summon Lightning  |       |       |       |    43 |    16 ||    59
       Airstrike         |       |       |       |     4 |       ||     4
Invok: Wall of Briars    |       |       |       |     6 |     2 ||     8
 Abil: Dig               |       |       |       |       |     1 ||     1
Evoke: Wand              |       |       |     3 |     7 |     4 ||    14
  Use: Scroll            |       |     5 |     6 |     7 |     2 ||    20
       Potion            |       |     3 |     2 |     5 |     1 ||    11
 Stab: Paralysed         |       |       |    10 |    17 |     9 ||    36
       Distracted        |       |       |     1 |     8 |     2 ||    11
       Petrified         |       |       |       |     4 |     1 ||     5
       Petrifying        |       |       |       |     3 |     2 ||     5
       Sleeping          |       |       |       |     1 |     3 ||     4
       Confused          |       |       |       |     3 |     3 ||     6
Armor: Ring mail         |    39 |   119 |   139 |    80 |   120 ||   497
       Leather armour    |       |       |       |   182 |       ||   182
Dodge: Dodged            |    52 |   193 |   259 |   555 |    88 ||  1147
Block: Other             |       |       |     7 |   197 |    32 ||   236
       Reflection        |       |       |     5 |     6 |     2 ||    13

Table legend: (Time is in decaauts)
 A = Elapsed time spent in this place.
 B = Non-inter-level travel time spent in this place.
 C = Inter-level travel time spent in this place.
 D = Time resting spent in this place.
 E = Time spent auto-exploring this place.
 F = Levels seen in this place.
 G = Mean time per level.
                   A        B        C        D        E       F      G
               +--------+--------+--------+--------+--------+-----+--------+
         Total |  30084 |  28810 |   1274 |  11948 |  10353 |  16 | 1880.2 |
       Dungeon |  28577 |  27303 |   1274 |  11262 |  10005 |  14 | 2041.2 |
         Sewer |   1021 |   1021 |      0 |    476 |    239 |   1 | 1021.0 |
       Ossuary |    485 |    485 |      0 |    210 |    109 |   1 |  485.0 |
               +--------+--------+--------+--------+--------+-----+--------+

Top non-repeatable levels by time:
     D:8: 4911 daAuts
     D:9: 4404 daAuts
    D:11: 3015 daAuts
    D:12: 2529 daAuts
     D:7: 2110 daAuts
     D:6: 1804 daAuts
    D:13: 1774 daAuts
     D:1: 1745 daAuts
     D:5: 1470 daAuts
    D:10: 1396 daAuts
     D:4: 1135 daAuts
   Sewer: 1021 daAuts
     D:3: 883 daAuts
     D:2: 801 daAuts
    D:14: 594 daAuts
